 Dungeon Crawl Stone Soup version 0.27.1-33-g824d729ab1 (webtiles) character file.

Game seed: 16571072751133060708

182 Adenis the Covered (level 5, -8/33 HPs)
             Began as a Gargoyle Fighter on Dec 7, 2021.
             Mangled by a shadow (14 damage)
             ... created by the darkness of Dithmenos
             ... on level 3 of the Dungeon.
             The game lasted 00:05:35 (2452 turns).

Adenis the Covered (Gargoyle Fighter)               Turns: 2452, Time: 00:05:36

Health: -8/33      AC: 11    Str: 20    XL:     5   Next: 62%
Magic:  5/5        EV:  7    Int:  9    God:
Gold:   90         SH:  9    Dex:  9    Spells: 4/4 levels left

rFire    . . .     SeeInvis .   n - +2 trident (vorpal)
rCold    . . .     Faith    .   c - +0 kite shield
rNeg     + . .     Spirit   .   b - +0 scale mail
rPois    ∞         Reflect  .   (no helmet)
rElec    +         Harm     .   m - scarf {+Inv}
rCorr    .         Rampage  .   (no gloves)
Will     .....                  (no boots)
Stlth    ..........             (no amulet)
HPRegen  0.11/turn              (no ring)
MPRegen  0.09/turn              (no ring)

@: no status effects
A: sickness immunity, AC +4, negative energy resistance 1, electricity
resistance, torment resistance 1, petrification resistance
a: Evoke Invisibility


You were on level 3 of the Dungeon.
You visited 1 branch of the dungeon, and saw 3 of its levels.

You collected 90 gold pieces.

Inventory:

Hand Weapons
 a - a +0 war axe
 n - a +2 vorpal trident (weapon)
Armour
 b - a +0 scale mail (worn)
 c - a +0 kite shield (worn)
 m - a scarf of invisibility (worn)
Scrolls
 h - 4 scrolls of identify {unknown}
 j - 3 scrolls of immolation
 l - a scroll of torment {unknown}
Potions
 d - a potion of might
 e - a potion of resistance {unknown}
 f - a potion of magic {unknown}
 g - a potion of heal wounds {unknown}
 i - a potion of ambrosia {unknown}
 k - 2 potions of haste {unknown}


   Skills:
 + Level 4.0 Fighting
 + Level 3.1 Axes
 + Level 4.2 Armour
 + Level 1.1 Dodging
 + Level 0.1 Stealth
 + Level 4.2 Shields


You had 4 spell levels left.
You didn't know any spells.
Your spell library contained the following spells:

 Spells                   Type           Power      Damage    Failure   Level
 Sandblast                Erth           0%         2d4       99%         1
 Passwall                 Tmut/Erth      0%         N/A       100%        2
 Inner Flame              Hex/Fire       0%         N/A       100%        3
 Lee's Rapid Deconstruct  Erth           0%         3d5*      100%        5
 Shadow Creatures         Summ           N/A        N/A       100%        6
 Malign Gateway           Summ/Tloc      0%         N/A       100%        7


Dungeon Overview and Level Annotations

Branches:
Dungeon (3/15)

Altars:
Dithmenos

Shops:
D:1 **   D:2 *


Innate Abilities, Weirdness & Mutations

You are immune to sickness and miasma.
Your stone body is resilient. (AC +4)
You are immune to poison.
You resist negative energy. (rN+)
You are resistant to electric shocks. (rElec)
You are resistant to unholy torment.
You are immune to petrification.


Message History

Dithmenos calls forth shadows to punish you. 4 shadows come into view.
You closely miss the bat. You block the bat's attack.
The bat hits you but does no damage. The bat hits you but does no damage.
The shadow hits you. You block the shadow's attack.
Found 7 gold pieces.
You block the bat's attack. The bat hits you but does no damage.
You block the shadow's attack. The shadow hits you. You block the bat's attack.
The shadow hits you.
The shadow slips into darkness.
The shadow flickers and vanishes!
Deactivating autopickup; reactivate with Ctrl-A.
The bat hits you but does no damage. The shadow hits you.
You hit the bat.
You kill the bat!
The shadow hits you. x2
The shadow hits you. You block the shadow's attack.
You see here a bat corpse.
The shadow slips into darkness.
The shadow flickers and vanishes!
The shadow strikes at you from the darkness!
Reactivating autopickup.
You closely miss the shadow. The shadow hits you! The shadow hits you.
You block the shadow's attack.
The shadow slips into darkness.
The shadow flickers and vanishes!
Deactivating autopickup; reactivate with Ctrl-A.
The shadow hits you.
The shadow slips into darkness.
The shadow flickers and vanishes!
The shadow hits you!
* * * LOW HITPOINT WARNING * * *
You block the shadow's attack.
The shadow slips into darkness.
The shadow flickers and vanishes!
The shadow strikes at you from the darkness!
The shadow strikes at you from the darkness!
You die...

#......# #......#
#######.#.#
#.....#.#.### .#
#.....#.#...#
.#####.....#.###.#
...........#.# #.#
...........#.#
#.#####
.............#
#@....#
...........###
#####.#
..........†#######
....#..(........$.
....#......#######
....#.............
....#...#........#
..#######........#
.(##......†......#


There were no monsters in sight!

Vanquished Creatures
  Purgy (D:3)
  Terence (D:3)
  2 adders (D:3)
  A worm (D:2)
  3 ball pythons
  5 endoplasms
  5 giant cockroaches
  4 goblins
  7 hobgoblins
  A quokka (D:2)
  2 bats
  A frilled lizard (D:3)
  4 kobolds
  5 rats
42 creatures vanquished.

Notes
Turn   | Place    | Note
-------+----------+-------------------------------------------
     0 | D:1      | Adenis the Gargoyle Fighter began the quest for the Orb.
     0 | D:1      | Reached XP level 1. HP: 14/14 MP: 1/1
   275 | D:1      | Reached XP level 2. HP: 18/19 MP: 2/2
   546 | D:1      | Found Loydda's Assorted Antiques.
   591 | D:1      | Found Quivur's Assorted Antiques.
  1023 | D:2      | Reached XP level 3. HP: 14/24 MP: 3/3
  1229 | D:2      | Found Ypnuw's Assorted Antiques.
  1295 | D:2      | Found a faded altar of an unknown god.
  1328 | D:2      | Got the Disquisition on Malediction and the Entourage
  1345 | D:2      | Became a worshipper of Dithmenos the Shadowed
  1345 | D:2      | Reached * piety under Dithmenos
  1511 | D:2      | Fell from the grace of Dithmenos
  1744 | D:3      | Noticed Purgy
  1751 | D:3      | Killed Purgy
  1752 | D:3      | Reached XP level 4. HP: 11/29 MP: 4/4
  1752 | D:3      | Reached XP level 5. HP: 13/33 MP: 5/5
  1958 | D:3      | Noticed Terence
  1967 | D:3      | Killed Terence
  1968 | D:3      | Reached skill level 1 in Dodging
  2423 | D:3      | Noticed a shadow
  2423 | D:3      | Noticed a shadow
  2423 | D:3      | Noticed a shadow
  2423 | D:3      | Noticed a shadow
  2452 | D:3      | Mangled by a shadow

Illustrated notes

Levels and vault maps discovered:
D:1:      dpeg_arrival_renting, layout_basic, serial_shops, shop_fountains, shop
D:2:      layout_rooms, serial_aquarium, aquarium_bridge_square
          [aquarium_subvault_bridge, aquarium_subvault_wall,
          aquarium_subvault_wall, aquarium_subvault_balcony],
          aquarium_window_corridor_1, aquarium_window_corner, aquarium_window_1,
          aquarium_window_fake, aquarium_view_2b, aquarium_view_2d,
          aquarium_balcony_1a, aquarium_pool_1,
          hellmonk_ecumenical_altar_blasted, serial_shops, nicolae_shop_crystal,
          minmay_circle_x
D:3:      layout_basic, uniq_purgy, uniq_terence

Skill      XL: |  1  2  3  4  5 |
---------------+----------------+-----
Axes           | 2 3 |  3.1
Fighting       | 4 |  4.0
Armour         | 4 |  4.2
Shields        | 4 |  4.2
Dodging        | 1 |  1.1
Stealth        | |  0.1

Action                   |  1- 3 |  4- 6 || total
-------------------------+-------+-------++-------
Melee: War axe           |   100 |     8 ||   108
       Trident           |       |    22 ||    22
Invok: Renounce Religion |     1 |       ||     1
Armor: Scale mail        |    72 |    29 ||   101
Dodge: Dodged            |    33 |    14 ||    47
Block: Kite shield       |    63 |    23 ||    86
